Map: Prion Terraces

Players

Kuga - Winner!

  • Race: Terran Terran
  • League: Master

Miszu

  • Race: Protoss Protoss
  • League: Master

VOD

Have the link to the VOD?

Description

Time

  • Played on: April 1, 2016, 3:35 p.m.
  • Length: 3:45
Show
View Real Time Build Order
Export as new Build Order

Kuga Terran - Winner!

Build Orders:  

Get SALT Encoding   

  12  0:01  SCV  
  13  0:13  SCV  
  14  0:18  Supply Depot  
  14  0:25  SCV  
  15  0:41  Barracks  
  15  0:44  Refinery  
  15  0:56  Barracks  
  15  1:00  SCV  
  16  1:08  Refinery  
  16  1:12  SCV  
  17  1:24  SCV  
  18  1:31  Reaper  
  19  1:36  Orbital Command  
  19  1:43  Reaper  
  20  1:59  Supply Depot  
  20  2:03  Reaper  
  20  2:04  SCV  
  22  2:16  SCV  
  22  2:20  Reaper  
  24  2:35  Reaper  
  24  2:36  SCV  
  26  2:39  Engineering Bay  
  26  2:52  Reaper  
  27  2:58  Factory  
  27  3:00  SCV  
  27  3:05  Supply Depot  
  28  3:13  Missile Turret  
  28  3:16  SCV  
  29  3:28  SCV  
Show
View Real Time Build Order
Export as new Build Order

Miszu Protoss 

Build Orders: 1 Gate Expand 

Get SALT Encoding   

  12  0:01  Probe (Chrono Boost)  
  13  0:13  Probe (Chrono Boost)  
  14  0:17  Pylon  
  14  0:24  Probe (Chrono Boost)  
  15  0:38  Probe (Chrono Boost)  
  15  0:42  Gateway  
  16  0:48  Probe (Chrono Boost)  
  17  0:59  Probe (Chrono Boost)  
  18  1:09  Probe (Chrono Boost)  
  19  1:15  Nexus  
  19  1:19  Assimilator  
  19  1:22  Probe (Chrono Boost)  
  20  1:33  Probe (Chrono Boost)  
  20  1:36  Cybernetics Core  
  21  1:42  Assimilator  
  21  1:43  Probe (Chrono Boost)  
  22  1:53  Pylon  
  22  1:56  Probe (Chrono Boost)  
  23  2:16  Stalker  
  19  2:43  Mothership Core (Chrono Boost)  
  18  2:44  Probe (Chrono Boost)  
  17  2:54  Probe (Chrono Boost)  
  18  3:01  Probe (Chrono Boost)  
  18  3:05  Probe (Chrono Boost)  
  20  3:12  Probe (Chrono Boost)  
  21  3:15  Probe (Chrono Boost)  
  22  3:22  Probe (Chrono Boost)  
  22  3:26  Probe (Chrono Boost)  
  24  3:33  Probe (Chrono Boost)  
  27  3:35  Pylon  
Tags
 
Add a new tag
Caveats
  • Supply blocks, unpowered buildings, or Contaminate may cause inaccurate times.
  • Supply counts are checked every 10 seconds.